 Dungeon Crawl Stone Soup version 0.17.0-9-g801d43b (webtiles) character file.

261 HungrySpirit the Ruffian (level 5, 0/41 HPs)
             Began as a Draconian Transmuter on Nov 9, 2015.
             Was a Follower of Qazlal.
             Killed by divine providence
             ... invoked by an orc priest
              (13 damage)
             ... on level 4 of the Dungeon.
             The game lasted 00:05:59 (3678 turns).

HungrySpirit the Ruffian (Draconian Transmuter)     Turns: 3678, Time: 00:05:59

Health: 0/41       AC:  5    Str: 13    XL:     5   Next: 96%
Magic:  9/9        EV: 12    Int: 14    God:    Qazlal [*.....]
Gold:   106        SH:  1    Dex: 11    Spells: 3 memorised, 3 levels left

rFire  . . .     SeeInvis .     r - +0 dagger (elec)
rCold  . . .     Clarity  .     (armour unavailable)
rNeg   . . .     SustAt   .     (no shield)
rPois  .         Gourm    .     o - +0 hat
rElec  .         Spirit   .     (no cloak)
rCorr  .         Warding  .     (no gloves)
rMut   .         Stasis   .     (no boots)
MR     .....                    (no amulet)
Stlth  +.........               (no ring)
                                (no ring)

@: not resistant to hostile enchantments, very unstealthy
A: unfitting armour, cold-blooded, AC +5
a: Renounce Religion


You were on level 4 of the Dungeon.
You worshipped Qazlal.
Qazlal was aware of your devotion.
You were hungry.

You visited 1 branch of the dungeon, and saw 4 of its levels.

You collected 106 gold pieces.

Inventory:

Hand Weapons
 r - a +0 dagger of electrocution (weapon)
Missiles
 a - 69 arrows
Armour
 o - a +0 hat (worn)
Jewellery
 h - a cursed ring of teleportation {unknown}
 w - an uncursed amulet of resist mutation {unknown}
Scrolls
 d - 2 scrolls of remove curse {unknown}
 e - 2 scrolls of magic mapping {unknown}
 f - a scroll of amnesia {unknown}
 j - a scroll of enchant armour {unknown}
 k - a scroll of teleportation {unknown}
 l - a scroll of noise {unknown}
 t - 2 scrolls of identify {unknown}
Potions
 m - a potion of mutation {unknown}
 p - a potion of berserk rage {unknown}
 q - a potion of ambrosia {unknown}
 x - a potion of haste {unknown}
Books
 b - a book of Changes

   Spells                             Type                      Level
   a - Beastly Appendage              Transmutation                1
   b - Sticks to Snakes               Transmutation                2
   c - Spider Form                    Transmutation/Poison         3
   d - Ice Form                       Ice/Transmutation            4
   e - Blade Hands                    Transmutation                5
 u - a book of Alchemy

   Spells                             Type                      Level
   a - Sublimation of Blood           Necromancy                   2
   b - Ignite Poison                  Fire/Transmutation/Poison    3
   c - Alistair's Intoxication        Transmutation/Poison         4
   d - Condensation Shield            Ice                          4
   e - Petrify                        Transmutation/Earth          4
   f - Irradiate                      Conjuration/Transmutation    5
Comestibles
 c - 2 bread rations
 g - a meat ration
 i - a royal jelly
 v - a beef jerky


   Skills:
 - Level 2.0 Fighting
 - Level 1.7 Dodging
 * Level 4.9 Unarmed Combat
 + Level 3.0 Spellcasting
 + Level 3.7 Transmutations
 + Level 0.0 Ice Magic


You had 3 spell levels left.
You knew the following spells:

 Your Spells              Type           Power        Failure   Level  Hunger
a - Beastly Appendage     Trmt           ##....       4%          1    #......
b - Sticks to Snakes      Trmt           ##........   10%         2    ##.....
c - Ice Form              Ice/Trmt       #.......     89%         4    #####..


Dungeon Overview and Level Annotations

Branches:
Dungeon (4/15)
 Temple: D:4-7

Altars:
Qazlal


Innate Abilities, Weirdness & Mutations

Your plain brown scales are hard (AC +5).
Your body does not fit into most forms of armour.
You are cold-blooded and may be slowed by cold attacks.


Message History

You barely resist. You hit the orc wizard.
You kill the orc wizard!
Qazlal accepts your kill.
The orc priest miscasts a cantrip.
Unknown command.
You closely miss the orc priest. The orc priest barely misses you.
Unknown command.
You hit the orc priest.
Your tail-slap misses the orc priest.
The orc priest is moderately wounded.
Unknown command.
You hit the orc priest.
The orc priest is heavily wounded.
The orc priest looks braver for a moment.
Unknown command.
You hit the orc priest.
The orc priest is severely wounded.
The orc priest calls down the wrath of Beogh upon you.
Something smites you!
You die...

###+##. #......
#.....####
o##......o.#
........##.#######
........##oo.....#
....#>##########o#
.## #. #.o).#.# #
#.#@.#.#
.#####o####.#
#..........o.#
#.......######
##+######


You could see an orc priest.

Vanquished Creatures
  A centaur (D:3)
  Ijyb (D:2)
  An orc wizard (D:4)
  3 gnolls
  5 adders
  An ooze (D:1)
  3 worms
  An orc (D:3)
  7 goblins
  6 hobgoblins
  7 jackals
  A quokka (D:2)
  A ball python (D:3)
  4 bats
  3 giant cockroaches (D:1)
  A giant gecko (D:1)
  5 giant newts
  8 kobolds
  7 rats
66 creatures vanquished.

Notes
Turn   | Place    | Note
--------------------------------------------------------------
     0 | D:1      | HungrySpirit the Draconian Transmuter began the quest for the Orb.
     0 | D:1      | Reached XP level 1. HP: 16/16 MP: 3/3
    53 | D:1      | Reached XP level 2. HP: 18/23 MP: 5/5
   775 | D:1      | Reached XP level 3. HP: 29/29 MP: 6/6
   985 | D:2      | Noticed Ijyb
  1004 | D:2      | Killed Ijyb
  1149 | D:2      | Found a stormy altar of Qazlal.
  1170 | D:2      | Became a worshipper of Qazlal Stormbringer
  1373 | D:2      | Reached XP level 4. HP: 31/36 MP: 7/7
  1415 | D:2      | Reached skill level 4 in Unarmed Combat
  1988 | D:2      | Learned a level 2 spell: Sticks to Snakes
  2508 | D:3      | Reached * piety under Qazlal
  2555 | D:3      | Reached XP level 5. HP: 18/41 MP: 5/9
  2865 | D:3      | Found a faded altar to an unknown god.
  3154 | D:3      | Noticed a centaur
  3168 | D:3      | Killed a centaur
  3396 | D:4      | Learned a level 4 spell: Ice Form
  3678 | D:4      | Killed from afar by an orc priest

Action                   |  1- 3 |  4- 6 || total
-------------------------+-------+-------++-------
Melee: Unarmed           |   137 |    95 ||   232
       Dagger            |       |    46 ||    46
 Cast: Beastly Appendage |    16 |    18 ||    34
       Sticks to Snakes  |       |     3 ||     3
  Use: Potion            |       |     3 ||     3
  Eat: Chunk             |     2 |     7 ||     9
